 Dungeon Crawl Stone Soup version 0.30.0-10-gfe55d96785 (webtiles) character file.

Game seed: 6903178177984054669

1822 Revguard the Digger (level 8, 0/42 (52) HPs)
             Began as a Demonspawn Earth Elementalist on May 15, 2023.
             Killed by divine providence
             ... invoked by an orc priest
              (12 damage)
             ... on level 7 of the Dungeon.
             The game lasted 00:33:59 (8536 turns).

Revguard the Digger (Demonspawn Earth Elementalist) Turns: 8536, Time: 00:34:00

HP:   0/42 (52)     AC: 17    Str:  7    XL:     8   Next: 85%
MP:   13/13         EV: 13    Int: 23    God:
Gold: 234           SH:  0    Dex: 13    Spells: 4/14 levels left

rFire   + . .        m - staff of death
rCold   . . .        (no shield)
rNeg    + . .        a - +0 robe
rPois   .            f - +0 helmet
rElec   .            z - scarf {+Inv}
rCorr   .            u - +0 pair of gloves
SInv    .            k - +0 pair of boots
Will    .....        c - amulet of regeneration
Stlth   ++           j - ring of wizardry
HPRegen 1.07/turn    h - ring of protection from fire
MPRegen 0.13/turn

%: wizardry (x1)
@: sanguine armoured, heavily drained
A: icemail 1, sanguine armour 3, condensation shield, demonic touch 1, clever 1,
frail 1, passive freeze
a: Evoke Invisibility


You were on level 7 of the Dungeon.
You visited 2 branches of the dungeon, and saw 8 of its levels.
You also visited: Sewer.

You collected 234 gold pieces.

Inventory:

Armour
 a - a +0 robe (worn)
 f - a +0 helmet (worn)
 k - a +0 pair of boots (worn)
 u - a +0 pair of gloves (worn)
 z - a scarf of invisibility (worn)
Magical Staves
 m - a staff of death (weapon)
Jewellery
 c - an amulet of regeneration (around neck)
 g - a ring of protection from cold
 h - a ring of protection from fire (right hand)
 j - a ring of wizardry (left hand)
 y - a +6 ring of dexterity
Wands
 l - a wand of flame (12)
 q - a wand of polymorph (6)
 A - a wand of digging (2)
 E - a wand of paralysis (5)
 F - a wand of iceblast (3)
Scrolls
 d - a scroll of enchant armour
 i - a scroll of fog
 o - a scroll of teleportation
 w - a scroll of enchant weapon
 x - a scroll of poison
 B - a scroll of immolation
 D - a scroll of amnesia
Potions
 b - a potion of magic
 e - 4 potions of heal wounds
 n - 3 potions of curing
 p - a potion of resistance
 r - 3 potions of mutation
 s - 2 potions of haste
 t - a potion of attraction
 v - a potion of berserk rage {unknown}


   Skills:
 + Level 3.4 Fighting
 + Level 3.0 Staves
 + Level 3.7 Dodging
 + Level 4.0 Stealth
 + Level 3.7 Spellcasting
 + Level 3.3 Conjurations
 - Level 3.0 Transmutations
 + Level 1.1 Fire Magic
 * Level 5.1 Earth Magic
 + Level 3.4 Evocations


You had 4 spell levels left.
You knew the following spells:

 Your Spells              Type           Power      Damage    Failure   Level
a - Sandblast             Erth           54%        2d13      1%          1
b - Passwall              Tmut/Erth      18%        N/A       1%          2
c - Stone Arrow           Conj/Erth      46%        3d9       2%          3
d - Petrify               Tmut/Erth      22%        N/A       9%          4

Your spell library contained the following spells:

 Spells                   Type           Power      Damage    Failure   Level
 Necrotise                Necr           24%        1d5       4%          1
 Scorch                   Fire           18%        2d5       4%          2
 Cigotuvi's Dreadful Rot  Necr/Pois/Air  12%        N/A       6%          2
 Lesser Beckoning         Tloc           8%         N/A       6%          2
 Gell's Gravitas          Tloc           4%         N/A       13%         3
 Teleport Other           Tloc           4%         N/A       13%         3
 Vampiric Draining        Necr           6%         2d6       13%         3
 Vhi's Electric Charge    Tloc/Air       8%         N/A       13%         3
 Arcjolt                  Conj/Air       6%         1d16      50%         5
 Agony                    Necr           6%         N/A       71%         5
 Plasma Beam              Fire/Air       3%         2x1d14    99%         6
 Borgnjor's Revivificati  Necr           3%         N/A       100%        8
 Necromutation            Tmut/Necr      8%         N/A       100%        8
 Death's Door             Necr           3%         N/A       100%        9


Dungeon Overview and Level Annotations

Branches:
Dungeon (7/15)             Temple (1/1) D:5           Sewer (visited)

Altars:
Cheibriados
Gozag
Kikubaaqudgha
Makhleb
Nemelex Xobeh
Okawaru
Qazlal
Ru
Trog
Uskayaw
Vehumet
Wu Jian
Xom
Yredelemnul


Innate Abilities, Weirdness & Mutations

A meltable icy envelope protects you from harm. (AC +0)
When seriously injured, your blood forms very thick armour. (AC +12)
A meltable shield of frost defends you. (SH +0)
Your touch may inflict minor irresistible damage on your foes.
Your mind is acute. (Int +4, Str/Dex -1)
You are frail. (-10% HP)
A frigid envelope surrounds you and freezes all who hurt you.


Message History

An orc comes into view. It is wielding a +0 mace.
The orc moves out of view.
The orc priest miscasts a cantrip.
A gnoll comes into view. It is wielding a +0 whip.
The gnoll shouts!
The orc wizard shouts!
You hear a shout!
The orc wizard casts a spell at you.
You are confused.
A gnoll comes into view. It is wielding a +1 dagger of speed.
The orc priest looks encouraged for a moment.
You're too confused to cast spells.
You are too confused!
You feel better.
The orc priest shouts!
The orc wizard gestures at you while chanting.
The puff of flame hits you.
Your icy defences dissipate!
You resist.
A gnoll comes into view. It is wielding a +0 whip.
A gnoll comes into view. It is wielding a +0 spear.
You feel drained.
You fail to use your ability.
The orc priest invokes the aid of Beogh against you.
Beogh smites you!
You feel drained.
You fail to use your ability.
The orc wizard points at you and mumbles some strange words.
The magic dart hits you.
An orc comes into view. It is wielding a +0 short sword.
The orc priest mumbles some strange prayers to Beogh against you.
Beogh smites you!
Your blood congeals into armour.
The gnoll shouts!
You hear a shout!
The orc wizard casts a spell.
The orc wizard flickers and vanishes!
Deactivating autopickup; reactivate with Ctrl-A.
A puff of flame appears from out of thin air!
The puff of flame hits you. You resist.
A magic dart appears from out of thin air!
The magic dart hits you.
* * * LOW HITPOINT WARNING * * *
The orc priest calls down the wrath of Beogh upon you.
Beogh smites you!
You die...

#. ###...##### ##..........
...#.........# #...#######.
..>.o........# #.### #.
.......=.....# ##...## #.
......g......###.....## ##
.......{.....##.......######
.###.ggo.....###...††###....
#.go.o....####.†.## #####
#.......@.#.####†#####.#
#(........#....#.......#
##...........#########.#
###########......# #.##
#.####.# #... #.#..#.# ###.
#....#.# #. ###<##.######.
#....##.....


You could see 2 orc priests, an orc wizard, 4 gnolls and an orc.

Vanquished Creatures
  Duvessa (D:4)
  An orc warrior (D:6)
  A sky beast (D:6)
  An ogre (D:6)
  3 phantoms
  2 bullfrogs (D:6)
  3 scorpions
  3 wights (D:6)
  Dowan (D:4)
  A howler monkey (D:6)
  An orc priest (D:3)
  2 hounds
  2 iguanas
  2 orc wizards (D:6)
  Natasha (twice) (D:4)
  18 adders
  8 gnolls
  4 river rats (Sewer)
  3 shadow imps (D:3)
  2 white imps (D:5)
  3 worms
  3 dart slugs
  11 orcs
  9 ball pythons
  16 bats
  7 endoplasms
  3 giant cockroaches
  15 goblins
  5 hobgoblins
  10 jackals
  7 kobolds
  6 quokkas
  7 frilled lizards
  10 rats
173 creatures vanquished.

Notes
Turn   | Place    | Note
-------+----------+-------------------------------------------
     0 | D:1      | Revguard the Demonspawn Earth Elementalist began the quest
                  | for the Orb.
     0 | D:1      | Reached XP level 1. HP: 13/13 MP: 3/3
    21 | D:1      | Got the Excursus on Hazy Oxidation
   100 | D:1      | Found a faded altar of an unknown god.
   133 | D:1      | Reached skill level 1 in Transmutations
   183 | D:1      | Gained mutation: When seriously injured, your blood forms
                  | armour. (AC +12) [demonic ancestry]
   183 | D:1      | Reached XP level 2. HP: 19/19 MP: 1/5
   192 | D:1      | Learned a level 2 spell: Passwall
   465 | D:1      | Gained mutation: When seriously injured, your blood forms
                  | thick armour. (AC +12) [demonic ancestry]
   465 | D:1      | Reached XP level 3. HP: 19/25 MP: 3/6
   475 | D:1      | Learned a level 3 spell: Stone Arrow
  1179 | D:2      | Reached skill level 1 in Evocations
  1396 | D:2      | Reached skill level 1 in Fighting
  1399 | D:2      | Gained mutation: Your touch may inflict minor irresistible
                  | damage on your foes. [demonic ancestry]
  1399 | D:2      | Reached XP level 4. HP: 28/32 MP: 2/7
  1844 | D:2      | Reached skill level 1 in Staves
  1952 | D:2      | Reached skill level 3 in Earth Magic
  2025 | D:2      | Reached skill level 1 in Conjurations
  2349 | D:3      | Found a transporter.
  2354 | D:3      | Found an iron altar of Okawaru.
  2461 | D:3      | Found a basalt altar of Yredelemnul.
  2554 | D:3      | Gained mutation: A meltable shield of frost defends you.
                  | (SH +0) [demonic ancestry]
  2554 | D:3      | Reached XP level 5. HP: 20/37 MP: 1/8
  2701 | D:3      | Found a transporter.
  3013 | D:3      | Found a faded altar of an unknown god.
  3018 | D:3      | Found a stormy altar of Qazlal.
  3846 | D:3      | Gained mutation: A frigid envelope surrounds you and
                  | freezes all who hurt you. [potion of mutation]
  3846 | D:3      | Gained mutation: You are frail. (-10% HP) [potion of
                  | mutation]
  3846 | D:3      | Gained mutation: Your mind is acute. (Int +4, Str/Dex -1)
                  | [potion of mutation]
  3941 | D:4      | Reached XP level 6. HP: 39/39 MP: 2/9
  4075 | D:4      | Found a sparkling altar of Nemelex Xobeh.
  4198 | D:4      | Noticed Duvessa
  4198 | D:4      | Noticed Dowan
  4764 | D:4      | Killed Duvessa
  4871 | D:4      | Killed Dowan
  4872 | D:4      | Gained mutation: A meltable icy envelope protects you from
                  | harm. (AC +0) [demonic ancestry]
  4872 | D:4      | Reached XP level 7. HP: 45/45 MP: 5/11
  5078 | D:4      | Noticed Natasha
  5085 | D:4      | Killed Natasha
  5253 | D:4      | Found a shimmering altar of Xom.
  5253 | D:4      | Found a hide-covered altar of Uskayaw.
  5255 | D:4      | Found a snail-covered altar of Cheibriados.
  5255 | D:4      | Found an ancient bone altar of Kikubaaqudgha.
  5333 | D:4      | Noticed Natasha
  5335 | D:4      | Killed Natasha
  5436 | D:5      | Entered Level 5 of the Dungeon
  5495 | D:5      | Found a staircase to the Ecumenical Temple.
  5505 | Temple   | Entered the Ecumenical Temple
  5654 | D:5      | Found a glowing drain.
  5752 | Sewer    | Entered a sewer
  5916 | Sewer    | Learned a level 4 spell: Petrify
  6041 | Sewer    | Reached skill level 4 in Earth Magic
  7339 | D:6      | Gained mutation: When seriously injured, your blood forms
                  | very thick armour. (AC +12) [demonic ancestry]
  7339 | D:6      | Reached XP level 8. HP: 49/51 MP: 9/12
  7844 | D:6      | Found a sparkling altar of Nemelex Xobeh.
  7963 | D:6      | Reached skill level 5 in Earth Magic
  8061 | D:6      | Reached skill level 1 in Fire Magic
  8536 | D:7      | Killed from afar by an orc priest

Illustrated notes

Levels and vault maps discovered:
D:1:      dpeg_arrival_rooms_b, layout_basic, chequers_ecumenical_altar_simple
D:2:      layout_loops_ring, minmay_misc_feat_nine_boxes, grunt_ministairs_12,
          minivault_27
D:3:      gammafunk_wand_slinger, layout_basic, kennysheep_okawaru_gauntlet,
          yredelemnul_altar_generic, nicolae_overflow_ecumenical_swirl,
          minmay_between
D:4:      layout_gridville, doesnt_xom_only_xom, item_on_display_a,
          uniq_natasha, uniq_duvessa
D:5:      layout_basic, minmay_temple_entry_overgrown, gup_sewer_entry_glass
D:6:      layout_loops_cross, nemelex_diamond_rough_becter, serial_bayou_ford_a
D:7:      layout_basic, roderic_batcave
Temple:   hellmonk_temple_of_storms

Skill      XL: |  1  2  3  4  5  6  7  8 |
---------------+-------------------------+-----
Transmutations | 1 2 3 |  3.0
Stealth        | 2 3 4 |  4.0
Dodging        | 2 3 |  3.7
Evocations     | 1 2 3 |  3.4
Fighting       | 1 2 3 |  3.4
Staves         | 1 2 3 |  3.0
Earth Magic    | 3 4 5 |  5.1
Conjurations   | 1 2 3 |  3.3
Spellcasting   | 3 |  3.7
Fire Magic     | 1 |  1.1

Action                     |  1- 3 |  4- 6 |  7- 9 || total
---------------------------+-------+-------+-------++-------
  Melee: Unarmed           |    13 |       |       ||    13
         Club              |    71 |       |       ||    71
         Punch             |     2 |       |       ||     2
         Staff             |     4 |    13 |     4 ||    21
         Touch             |       |     1 |       ||     1
   Cast: Sandblast         |    47 |    71 |    97 ||   215
         Stone Arrow       |       |    27 |    20 ||    47
         Passwall          |       |     2 |     6 ||     8
  Evoke: Wand              |       |       |     2 ||     2
    Use: Scroll            |     6 |     2 |    11 ||    19
         Potion            |     2 |     2 |     4 ||     8
 Armour: Robe              |    28 |    15 |    15 ||    58
  Dodge: Dodged            |    94 |    28 |    28 ||   150
  Block: Other             |       |       |     8 ||     8
